 Dungeon Crawl Stone Soup version 0.26.0-11-g8f856b5395 (webtiles) character file.

Game seed: 3125949097687932976

69 teolandon225 the Shield-Bearer (level 4, -8/29 HPs)
             Began as a Gargoyle Fighter on Jan 14, 2021.
             Mangled by an orc warrior
             ... wielding a +0 halberd
              (9 damage)
             ... on level 2 of the Dungeon.
             The game lasted 00:04:42 (1333 turns).

teolandon225 the Shield-Bearer (Gargoyle Fighter)   Turns: 1333, Time: 00:04:43

Health: -8/29      AC: 10    Str: 20    XL:     4   Next: 20%
Magic:  4/4        EV:  7    Int:  9    God:
Gold:   54         SH:  9    Dex:  9    Spells: 3/3 levels left

rFire    . . .     SeeInvis .   a - +0 flail
rCold    . . .     Faith    .   c - +0 kite shield
rNeg     + . .     Spirit   .   i - +0 scale mail
rPois    ∞         Reflect  .   (no helmet)
rElec    +         Harm     .   (no cloak)
rCorr    .         Rampage  .   (no gloves)
Will     .....                  (no boots)
Stlth    ..........             (no amulet)
HPRegen  0.09/turn              (no ring)
MPRegen  0.09/turn              (no ring)

@: no status effects
A: negative energy resistance 1, electricity resistance, unbreathing,
petrification resistance, miasma immunity, AC +3
a: no special abilities


You were on level 2 of the Dungeon.
You visited 1 branch of the dungeon, and saw 2 of its levels.

You collected 54 gold pieces.

Inventory:

Hand Weapons
 a - a +0 flail (weapon)
Armour
 b - a +0 scale mail
 c - a +0 kite shield (worn)
 h - a +0 ring mail
 i - a +0 scale mail (worn)
Jewellery
 k - an uncursed ring of flight {unknown}
Scrolls
 g - a scroll of teleportation {unknown}
 j - a scroll of amnesia {unknown}
Potions
 d - a potion of might
 e - a potion of attraction {unknown}
 f - a potion of invisibility {unknown}
 l - a potion of resistance {unknown}


   Skills:
 + Level 3.8 Fighting
 * Level 3.1 Maces & Flails
 + Level 3.8 Armour
 + Level 3.8 Shields


You had 3 spell levels left.
You didn't know any spells.
Your spell library was empty.

Dungeon Overview and Level Annotations

Branches:
Dungeon (2/15)

Altars:


Innate Abilities, Weirdness & Mutations

You are resistant to torment.
Your stone body is resilient. (AC +3)
You are immune to poison.
You resist negative energy. (rN+)
You are resistant to electric shocks. (rElec)
You can survive without breathing.
You are immune to petrification.
You are immune to miasma.


Message History

You closely miss the orc warrior.
The orc warrior is heavily wounded.
You block the orc warrior's attack.
You closely miss the orc warrior.
The orc warrior is heavily wounded.
You block the orc warrior's attack.
You barely miss the orc warrior.
The orc warrior is heavily wounded.
The orc warrior hits you with a +0 halberd!
Ouch! That really hurt!
* * * LOW HITPOINT WARNING * * *
You barely miss the orc warrior.
The orc warrior is heavily wounded.
You block the orc warrior's attack.
The orc warrior hits you with a +0 halberd!
* * * LOW HITPOINT WARNING * * *
You barely miss the orc warrior.
The orc warrior is heavily wounded.
The orc warrior hits you with a +0 halberd!
You die...

.. # #. # #.#### . #..#. #
###... #.#....## ###.#.##..####
#............############### #
........#....o@............####
........####.#############.....
........# #....# ####.####
........# ####.# #....#
........# ###.#######.####
........# #...........#
........######.#........#####
...........###....#####.....###
........##..##..#...††.........


You could see an orc warrior.

Vanquished Creatures
  Terence (D:1)
  An adder (D:2)
  A worm (D:2)
  A dart slug (D:2)
  4 hobgoblins
  6 jackals
  A quokka (D:2)
  A ball python (D:1)
  7 bats
  A frilled lizard (D:1)
  2 goblins (D:1)
  2 kobolds
  3 rats
31 creatures vanquished.

Notes
Turn   | Place    | Note
-------+----------+-------------------------------------------
     0 | D:1      | teolandon225 the Gargoyle Fighter began the quest for the
                  | Orb.
     0 | D:1      | Reached XP level 1. HP: 14/14 MP: 1/1
   284 | D:1      | Reached XP level 2. HP: 18/19 MP: 2/2
   851 | D:2      | Noticed Terence
   864 | D:1      | Killed Terence
   865 | D:1      | Reached XP level 3. HP: 20/24 MP: 3/3
  1128 | D:2      | Reached XP level 4. HP: 24/29 MP: 4/4
  1311 | D:2      | Noticed an orc warrior
  1332 | D:2      | HP: 1/29 [orc warrior/+0 halberd (7)]
  1333 | D:2      | Mangled by an orc warrior

Illustrated notes

Levels and vault maps discovered:
D:1:      tarquinn_simple_flora_water_b, layout_loops_cross
D:2:      layout_rooms, uniq_terence

Skill      XL: |  1  2  3 |
---------------+----------+-----
Maces & Flails | 3 |  3.1
Fighting       | |  3.8
Armour         | |  3.8
Shields        | |  3.8

Action                   |  1- 3 |  4- 6 || total
-------------------------+-------+-------++-------
Melee: Flail             |   115 |    29 ||   144
Armor: Scale mail        |    56 |     9 ||    65
       Ring mail         |     6 |       ||     6
Dodge: Dodged            |    37 |    15 ||    52
Block: Kite shield       |    57 |    20 ||    77
